 Dungeon Crawl Stone Soup version 0.19-a0-700-gd2fa977 (webtiles) character file.

128284 Deemzul the Unseen (level 17, -8/119 HPs)
             Began as an Octopode Monk on June 19, 2016.
             Was an Elder of Hepliaklqana.
             Killed from afar by a deep elf annihilator (67 damage)
             ... with a crystal spear
             ... on level 3 of the Elven Halls.
             The game lasted 01:19:56 (29445 turns).

Deemzul the Unseen (Octopode Monk)                 Turns: 29445, Time: 01:19:57

Health: -8/119     AC:  2    Str: 11    XL:     17   Next: 3%
Magic:  21/23      EV: 27    Int: 15    God:    Hepliaklqana [****..]
Gold:   2206       SH: 18    Dex: 32    Spells: 1 memorised, 23 levels left

rFire  . . .     SeeInvis .       - Unarmed
rCold  + + +     Gourm    .     q - +0 shield {reflect}
rNeg   . . .     Faith    .     (helmet restricted)
rPois  +         Spirit   .     M - +4 amulet of reflection
rElec  .         Dismiss  .     x - ring of sustain attributes
rCorr  .         Reflect  +     Y - ring of protection from magic
SustAt +         Harm     .     u - ring of stealth
MR     ++...     Clarity  +     N - ring of protection from cold
Stlth  +++++++++.               m - ring of protection from fire
                                L - +2 ring of evasion
                                c - +3 ring of dexterity
                                V - ring "Meneell" {Ice Dex+7}

@: very resistant to hostile enchantments, incredibly stealthy
A: almost no armour, amphibious, 8 rings, constrict 8, icy blue scales 1,
camouflage 1, agile 1, berserk 1, clarity, clever 1, cold resistance 1, poison
resistance, gelatinous body 1, MP-powered wands
a: Recall Ancestor, Ancestor Identity, Transference, Idealise, Renounce Religion


You were on level 3 of the Elven Halls.
You worshipped Hepliaklqana.
Hepliaklqana was greatly pleased with you.
You were not hungry.

You visited 4 branches of the dungeon, and saw 26 of its levels.

You collected 2394 gold pieces.
You spent 188 gold pieces at shops.

Inventory:

Hand Weapons
 E - the +2 great sword of Crystal {holy, Int+3 SInv Stlth+, unknown}
   (You found it on level 1 of the Lair of Beasts)

   It has been blessed by the Shining One to cause great damage to the undead
   and demons.
   It affects your intelligence (+3).
   It lets you see invisible.
   It makes you more stealthy.
Armour
 q - a +0 shield of reflection (worn)
Jewellery
 c - a +3 ring of dexterity (on tentacle)
 d - an uncursed amulet of dismissal
 h - an uncursed amulet of guardian spirit {unknown}
 m - a ring of protection from fire (on tentacle)
 p - an uncursed ring of poison resistance
 u - a ring of stealth (on tentacle)
 x - a ring of sustain attributes (left tentacle)
 H - an uncursed ring of wizardry
 J - an uncursed ring of wizardry
 L - a +2 ring of evasion (on tentacle)
 M - a +4 amulet of reflection (around mantle)
 N - a ring of protection from cold (on tentacle)
 T - a +3 ring of evasion
 V - the ring "Meneell" (on tentacle) {Ice Dex+7}
   (You found it on level 5 of the Lair of Beasts)

   [ring of ice]

   It enhances your ice magic, and weakens your fire magic.
   It affects your dexterity (+7).
   It makes you vulnerable to fire.
   It protects you from cold.
 Y - a ring of protection from magic (right tentacle)
Wands
 t - a wand of hasting (7/9)
 y - a wand of paralysis (15/24)
 G - a wand of enslavement (5/24)
 K - a wand of flame (26/48)
 R - a wand of iceblast (0/15)
 U - a wand of confusion (32/48)
 W - a wand of lightning (8/15)
 Z - a wand of confusion (32/48)
Scrolls
 g - 5 scrolls of teleportation
 j - 2 scrolls of noise
 k - 3 scrolls of recharging
 w - 9 scrolls of remove curse
 D - a scroll of fear
 O - 5 scrolls of amnesia
 Q - 2 scrolls of blinking
 S - 6 scrolls of identify
 X - a scroll of magic mapping
Potions
 e - 3 potions of might
 i - 6 potions of curing
 l - a potion of cancellation
 n - 2 potions of invisibility
 r - a potion of lignification
 s - 3 potions of agility
 v - 5 potions of degeneration
 z - 4 potions of haste
 A - a potion of berserk rage
 B - 3 potions of mutation
 C - 2 potions of brilliance
 F - 4 potions of flight
Comestibles
 a - 15 bread rations
 b - 13 meat rations
 f - 7 beef jerkies
 o - 2 royal jellies
 I - 3 slices of pizza
 P - 16 fruits


   Skills:
 + Level 12.1 Fighting
 + Level 10.6 Dodging
 + Level 16.4 Stealth
 + Level 11.9 Shields
 * Level 16.4 Unarmed Combat
 + Level 4.1 Spellcasting
 + Level 7.7 Invocations
 + Level 7.2 Evocations


You had 23 spell levels left.
You knew the following spells:

 Your Spells              Type           Power        Failure   Level  Hunger
a - Magic Dart            Conj           #...         28%         1    None


Dungeon Overview and Level Annotations

Branches:
Dungeon (15/15)            Temple (0/1) D:5            Lair (6/6) D:8
  Swamp (0/4) Lair:3       Spider (0/4) Lair:3        Slime (0/5) Lair:6
    Orc (2/2) D:12            Elf (3/3) Orc:2        Depths (0/5) D:15
 Vaults: D:13-14

Altars:
Ashenzari
Cheibriados
Dithmenos
Fedhas
Gozag
Hepliaklqana
Kikubaaqudgha
Nemelex Xobeh
Okawaru
Qazlal
Ru
Trog
Uskayaw
Vehumet
Xom
Yredelemnul
Zin
The Shining One

Shops:
Orc:2 [=%   Elf:3 %

Annotations:
D:12 Harold
Lair:3 exclusion: oklob plant
Lair:6 exclusion: oklob plant
Orc:1 Fannar, Urug
Elf:2 5 runed doors


Innate Abilities, Weirdness & Mutations

You cannot wear most types of armour.
You are amphibious.
You can wear up to eight rings at the same time.
You can use your tentacles to constrict eight enemies at once.
Your skin changes colour to match your surroundings (Stealth+).
Your rubbery body absorbs attacks. (AC +1)
You are partially covered in icy blue scales. (AC +1)
You are agile. (Dex +2)
You tend to lose your temper in combat.
You possess an exceptional clarity of mind.
Your mind is acute. (Int +2)
Your flesh is cold resistant. (rC+)
Your system is resistant to poisons. (rPois)
You expend magic power (3 MP) to strengthen your wands.


Message History

The deep elf sorcerer completely misses you.
Iterum hits the deep elf sorcerer with a quarterstaff!!
The deep elf sorcerer dies!
No target in view!
You start resting.
Magic restored.
There is an open door here.
A deep elf annihilator comes into view. It is wielding a long sword.
There's a creature in the doorway!
A deep elf annihilator is nearby!
Select a target.
Press: ? - help, Dir - move target cursor, f - deep elf annihilator
Aim: a deep elf annihilator, wielding a long sword (hasn't noticed you)
The floor.
The deep elf annihilator swaps with Iterum!
The deep elf annihilator shouts!
You hear a shout!
The deep elf annihilator casts a spell at you.
The crystal spear hits you!
Ouch! That really hurt!
You die...

######...#...#...#...#........#..
.....#...#...#R..#...#........#..
.....#...#...#...#...#........#..
.....#...#...#...#...#....... #..
##...#...#...#...#...'....... #..
.#...#...#...#...#...#....... #..
.#...#...#...#...#...#.......
.#...#...#...#...#...#.......
##..[#...#...#..@#...########
.....#...#...#...e)..........
.....#...#..)#...#...........
.....#...#...#...#...........
######...#...#..)..##############
.........#...#....)).............
.....)...#...#......[............
.........#.......................
##########.).....###.#..'#.)...#.


You could see the friendly Iterum the battlemage and a deep elf annihilator.

Vanquished Creatures
  Donald (Elf:3)
  Maud (D:12)
  2 deep elf sorcerers
  Louise (Elf:2)
  4 deep elf elementalists (Elf:3)
  3 deep elf annihilators (Elf:3)
  A crystal guardian (Elf:3)
  A deep elf death mage (Elf:2)
  A yaktaur captain (D:15)
  A vault guard (D:13)
  2 deep elf high priests (Elf:3)
  Erolcha (D:12)
  2 hydras
  2 centaur warriors (D:15)
  A death knight (D:15)
  5 dancing weapons
  2 death yaks (Lair:6)
  4 deep elf knights
  7 hill giants
  2 lindwurms
  4 deep elf archers
  26 deep elf magi
  A necromancer (D:15)
  An orc knight (D:15)
  A griffon (D:15)
  6 orc sorcerers
  2 cyclopes
  A wizard (D:13)
  2 black mambas (Lair:5)
  3 centaur skeletons
  4 spiny frogs
  A torpor snail (Lair:6)
  2 efreet
  2 komodo dragons
  4 jumping spiders (Lair:3)
  A tengu conjurer (D:13)
  A two-headed ogre (D:12)
  5 trolls
  A raiju (shapeshifter) (D:15)
  3 blink frogs
  2 air elementals (Elf:2)
  2 centaur simulacra (D:15)
  26 yaks
  5 fire elementals
  18 humans (D:13)
  A water elemental (Elf:1)
  A wraith (D:14)
  2 steam dragons
  2 hippogriffs
  2 vampire mosquitoes (D:13)
  A hell hound (D:13)
  9 water moccasins
  2 porcupines (Lair:5)
  A black bear (D:8)
  An ice beast (D:13)
  7 orc warriors
  2 sky beasts (D:12)
  3 phantoms
  6 ogres
  4 wolves (Lair:1)
  5 centaurs
  6 crocodiles
  13 giant frogs
  A wyvern skeleton (D:6)
  A scorpion (D:6)
  13 killer bees
  4 wights
  2 howler monkeys
  2 giant frog zombies
  4 crimson imps
  6 hounds
  18 orc priests
  A giant frog skeleton (D:13)
  5 jellies
  21 orc wizards
  A quasit (D:15)
  5 iguanas
  6 worker ants
  5 sheep (Lair:5)
  A hound zombie (D:9)
  2 worker ant zombies (D:5)
  8 gnolls
  7 adders
  9 river rats
  3 shadow imps
  2 oozes
  2 adder zombies (D:7)
  5 worms
  A dart slug (D:4)
  4 giant geckos
  68 orcs
  A ball python (D:2)
  4 giant cockroaches
  2 hobgoblins (D:2)
  4 jackals
  4 quokkas
  3 bats
  5 giant newts
  2 gnoll zombies (D:3)
  A jackal zombie (D:5)
  8 kobolds
  4 rats
481 creatures vanquished.

Vanquished Creatures (collateral kills)
  A deep elf blademaster (Elf:3)
  2 deep elf elementalists (Elf:3)
  A deep elf sorcerer (Elf:3)
  Nessos (Orc:2)
  An ettin (D:15)
  A deep elf death mage (Elf:3)
  3 crystal guardians (Elf:3)
  The ghost of jehirs the Summoner, a journeyman TeSu of Hepliaklqana (Lair:3)
  3 hydras
  4 dancing weapons
  A death knight (D:15)
  2 centaur warriors (D:15)
  A death yak (Lair:6)
  An orc high priest (Orc:2)
  3 deep elf knights (Elf:2)
  A wizard (D:14)
  An unseen horror (D:14)
  6 deep elf archers
  3 hill giants
  10 deep elf magi
  An ugly thing (D:11)
  A griffon (Lair:6)
  An orc sorcerer (Elf:2)
  2 cyclopes (D:14)
  A manticore (D:11)
  2 black mambas
  A centaur zombie (D:15)
  2 torpor snails (Lair:6)
  6 spiny frogs
  2 komodo dragons
  An efreet (D:15)
  2 tengu conjurers (D:14)
  A freezing wraith (D:15)
  4 trolls
  The ghost of Laan the Destroyer, a novice GrFE (D:4)
  A jumping spider (Lair:3)
  3 two-headed ogres
  5 blink frogs
  A black bear (D:15)
  A shadow (D:15)
  2 redbacks (Lair:3)
  A wraith (D:11)
  22 yaks
  An air elemental (Elf:2)
  A wyvern (D:14)
  A spriggan (Lair:1)
  2 fire elementals
  A water elemental (Elf:2)
  2 basilisks
  3 humans (D:13)
  A vampire mosquito (D:13)
  4 hippogriffs
  A hungry ghost (D:14)
  2 wargs
  2 mottled dragons
  4 water moccasins
  6 porcupines
  6 ice beasts
  12 orc warriors
  A swamp drake (Lair:3)
  2 sky beasts
  3 wasps
  A necrophage (D:7)
  2 phantoms
  5 ogres
  3 wolves (Lair:1)
  3 centaurs
  3 crocodiles
  2 big kobolds
  A gnoll sergeant (D:9)
  6 giant frogs
  2 scorpions
  A howler monkey (D:11)
  6 killer bees (D:8)
  3 wights
  3 electric eels
  4 crimson imps
  A giant frog zombie (D:7)
  4 jellies
  6 orc priests
  3 hounds
  11 orc wizards
  5 iguanas
  Natasha (twice) (D:4)
  A worker ant (D:6)
  A sheep (Lair:5)
  2 gnolls
  2 adders
  9 river rats
  A shadow imp (D:11)
  2 oozes (Lair:6)
  2 adder zombies (D:9)
  2 worms (D:3)
  3 giant geckos
  31 orcs
  A giant cockroach (D:4)
  A hobgoblin (D:6)
  A jackal (D:9)
  6 kobolds
  A quokka (D:15)
  A bat (D:3)
  A fungus (Lair:6)
311 creatures vanquished.

Vanquished Creatures (others)
  A deep elf master archer (Elf:3)
  A deep elf mage (Elf:3)
  2 orc warriors (D:6)
  A centaur (D:6)
  An orc priest (D:6)
  36 battlemagi
  An orc (D:6)
  A giant cockroach zombie (D:6)
  4 fungi
  13 plants
  11 toadstools (Lair:3)
72 creatures vanquished.

Grand Total: 864 creatures vanquished

Notes
Turn   | Place    | Note
--------------------------------------------------------------
     0 | D:1      | Deemzul the Octopode Monk began the quest for the Orb.
     0 | D:1      | Reached XP level 1. HP: 16/16 MP: 1/1
   118 | D:1      | You fall through a shaft!
   189 | D:2      | Reached XP level 2. HP: 21/21 MP: 2/2
   277 | D:2      | Found a sacrificial altar of Ru.
   327 | D:2      | Reached XP level 3. HP: 11/26 MP: 3/3
   601 | D:2      | Found an opulent altar of Gozag.
   670 | D:2      | Found a hazy altar of Hepliaklqana.
   687 | D:2      | Became a worshipper of Hepliaklqana
   687 | D:2      | Reached * piety under Hepliaklqana
   687 | D:2      | Reached ** piety under Hepliaklqana
   715 | D:2      | Remembered your ancestor Iterum as a battlemage
   753 | D:3      | Found a basalt altar of Yredelemnul.
   858 | D:3      | Noticed a dagger
   859 | D:3      | Noticed a dagger
  1005 | D:3      | Found a hide-covered altar of Uskayaw.
  1018 | D:3      | Reached XP level 4. HP: 19/31 MP: 4/4
  1092 | D:3      | HP: 1/31 [worm (11)]
  1428 | D:3      | Found a shattered altar of Ashenzari.
  1914 | D:4      | Noticed Laan's ghost (novice GrFE)
  1920 | D:4      | Gained mutation: You tend to lose your temper in combat. [potion of mutation]
  1920 | D:4      | Gained mutation: You are partially covered in icy blue scales. (AC +1) [potion of mutation]
  1920 | D:4      | Gained mutation: You are agile. (Dex +2) [potion of mutation]
  1927 | D:4      | Killed Laan's ghost
  1927 | D:4      | Reached skill level 5 in Unarmed Combat
  1927 | D:4      | Reached XP level 5. HP: 27/37 MP: 5/5
  1927 | D:4      | Reached XP level 6. HP: 32/43 MP: 6/6
  2026 | D:4      | Found a bloodstained altar of Trog.
  2142 | D:4      | Found a snail-covered altar of Cheibriados.
  2159 | D:4      | Found a shadowy altar of Dithmenos.
  2224 | D:4      | Noticed Natasha
  2228 | D:4      | Reached skill level 1 in Shields
  2233 | D:4      | Killed Natasha
  2235 | D:4      | Reached skill level 5 in Stealth
  2375 | D:4      | Noticed Natasha
  2381 | D:4      | Killed Natasha
  2381 | D:4      | Reached XP level 7. HP: 39/48 MP: 7/7
  2676 | D:5      | Entered Level 5 of the Dungeon
  2775 | D:5      | Found a staircase to the Ecumenical Temple.
  2828 | D:5      | Reached *** piety under Hepliaklqana
  3115 | D:5      | Reached XP level 8. HP: 54/54 MP: 8/8
  3164 | D:5      | Found a glowing silver altar of Zin.
  3205 | D:5      | Reached skill level 5 in Fighting
  3210 | D:5      | Gained mutation: You possess an exceptional clarity of mind. [potion of mutation]
  3210 | D:5      | Gained mutation: Your flesh is cold resistant. (rC+) [potion of mutation]
  3995 | D:6      | Found an iron altar of Okawaru.
  4233 | D:6      | Reached XP level 9. HP: 36/62 MP: 9/9
  4284 | D:6      | Found a shimmering altar of Xom.
  4316 | D:6      | Found a glowing golden altar of the Shining One.
  4600 | D:7      | Reached **** piety under Hepliaklqana
  5391 | D:8      | Noticed a two-headed ogre
  5475 | D:8      | Found a blossoming altar of Fedhas.
  6108 | D:8      | Reached skill level 5 in Shields
  6232 | D:7      | Gained mutation: Your mind is acute. (Int +2) [potion of mutation]
  6232 | D:7      | Gained mutation: Your system is resistant to poisons. (rPois) [potion of mutation]
  6232 | D:7      | Gained mutation: You expend magic power (3 MP) to strengthen your wands. [potion of mutation]
  6479 | D:8      | Reached XP level 10. HP: 30/69 MP: 10/10
  6717 | D:8      | Found a sparkling altar of Nemelex Xobeh.
  6737 | D:8      | Found a staircase to the Lair.
  6747 | D:8      | Noticed a hill giant
  6760 | Lair:1   | Entered Level 1 of the Lair of Beasts
  6804 | Lair:1   | Noticed a spiny frog
  6816 | Lair:1   | Killed a spiny frog
  6848 | Lair:1   | Noticed a spiny frog
  6856 | Lair:1   | Killed a spiny frog
  7133 | Lair:1   | Noticed a spiny frog
  7139 | Lair:1   | Reached skill level 10 in Unarmed Combat
  7416 | Lair:1   | Reached skill level 10 in Stealth
  7435 | Lair:1   | Noticed a spiny frog
  7541 | Lair:1   | Killed a spiny frog
  7582 | Lair:1   | Noticed a black mamba
  7588 | Lair:1   | Killed a black mamba
  7627 | Lair:1   | Killed a spiny frog
  7808 | Lair:1   | Got a twisted great sword
  7859 | Lair:2   | Reached ***** piety under Hepliaklqana
  8694 | Lair:2   | Reached XP level 11. HP: 54/77 MP: 11/11
  8968 | Lair:3   | Noticed jehirs's ghost (journeyman TeSu)
  9016 | Lair:3   | Found a staircase to the Swamp.
  9555 | Lair:3   | Killed jehirs's ghost
  9766 | Lair:3   | Noticed a lindwurm
 10180 | D:8      | Killed a hill giant
 10452 | D:9      | Noticed a hill giant
 10462 | D:9      | Killed a hill giant
 10627 | D:9      | Found an ancient bone altar of Kikubaaqudgha.
 10726 | D:9      | Found a stormy altar of Qazlal.
 11340 | D:10     | Entered Level 10 of the Dungeon
 11437 | D:10     | Found a blossoming altar of Fedhas.
 11698 | D:10     | Reached skill level 5 in Dodging
 12284 | D:11     | Noticed a manticore
 12294 | D:11     | Killed a manticore
 12368 | D:11     | Reached XP level 12. HP: 78/84 MP: 12/12
 12656 | D:11     | Reached ****** piety under Hepliaklqana
 12864 | D:11     | Found a runed door.
 13029 | D:11     | Noticed a centaur warrior
 13158 | D:12     | Noticed Maud
 13171 | D:12     | Killed Maud
 13596 | D:12     | Noticed Harold
 13653 | D:12     | Found a staircase to the Orcish Mines.
 13744 | Orc:1    | Entered Level 1 of the Orcish Mines
 13859 | Orc:2    | Entered Level 2 of the Orcish Mines
 13859 | Orc:2    | Found a staircase to the Elven Halls.
 13859 | Orc:2    | Noticed Nessos
 13867 | D:12     | Noticed Erolcha
 13891 | D:12     | Killed Erolcha
 14561 | D:13     | Reached XP level 13. HP: 84/91 MP: 13/13
 15642 | D:13     | Reached skill level 10 in Fighting
 16064 | D:13     | Noticed a vault guard
 16144 | D:13     | Killed a vault guard
 16451 | D:14     | Paralysed by a wizard for 7 turns
 16741 | D:14     | Reached skill level 1 in Invocations
 17064 | D:13     | Reached skill level 1 in Evocations
 17739 | D:15     | Entered Level 15 of the Dungeon
 18073 | D:15     | Reached XP level 14. HP: 74/99 MP: 13/15
 18504 | Orc:2    | Killed Nessos
 18700 | Orc:1    | Noticed Fannar
 18708 | Orc:1    | Noticed Urug
 18833 | Orc:1    | Found a radiant altar of Vehumet.
 18907 | Orc:1    | Reached skill level 10 in Shields
 19943 | Orc:2    | Paralysed by an orc sorcerer for 2 turns
 19964 | Orc:2    | Found Rodiwawo's Food Boutique.
 19964 | Orc:2    | Found Toitac's Armour Shop.
 19964 | Orc:2    | Found Tyipna's Book Boutique.
 19967 | Orc:2    | Found Lagysk's Jewellery Shop.
 19975 | Orc:2    | Bought a +3 ring of dexterity for 188 gold pieces
 21492 | Lair:5   | Got a coiled wooden ring
 21493 | Lair:5   | Identified the ring "Meneell" {Ice Dex+7} (You found it on level 5 of the Lair of Beasts)
 22318 | Lair:6   | Entered Level 6 of the Lair of Beasts
 22331 | Lair:6   | Found a staircase to the Slime Pits.
 23725 | Lair:6   | Reached skill level 5 in Invocations
 23725 | Lair:6   | Reached XP level 15. HP: 97/107 MP: 18/18
 23984 | Lair:3   | Found a hole to the Spider Nest.
 24316 | D:15     | Reached skill level 5 in Evocations
 24352 | D:15     | Found a radiant altar of Vehumet.
 24354 | D:15     | Found a glowing silver altar of Zin.
 24411 | D:15     | Remembered your ancestor Iterum casting Bolt of Magma
 24423 | D:15     | Reached skill level 15 in Unarmed Combat
 24508 | D:15     | Found a hide-covered altar of Uskayaw.
 24522 | D:15     | Reached skill level 15 in Stealth
 24613 | D:15     | Found a staircase to the Depths.
 25061 | D:15     | Learned a level 1 spell: Magic Dart
 25422 | Elf:1    | Entered Level 1 of the Elven Halls
 25881 | Elf:1    | Reached skill level 1 in Spellcasting
 26678 | Elf:2    | Noticed a deep elf sorcerer
 26887 | Elf:2    | Reached skill level 10 in Dodging
 26922 | Elf:2    | Killed a deep elf sorcerer
 27118 | Elf:2    | Reached XP level 16. HP: 101/114 MP: 20/20
 27130 | Elf:2    | Found a huge runed gate.
 27130 | Elf:2    | Found a huge runed gate.
 27130 | Elf:2    | Found a huge runed gate.
 27132 | Elf:2    | Found a huge runed gate.
 27133 | Elf:2    | Found a huge runed gate.
 27269 | Elf:2    | Noticed Louise
 27277 | Elf:2    | Killed Louise
 27826 | Elf:3    | Entered Level 3 of the Elven Halls
 27924 | Elf:3    | Found Aghigh's Food Shop.
 28227 | Elf:3    | Noticed a deep elf blademaster
 28232 | Elf:3    | Killed a deep elf blademaster
 28385 | Elf:3    | Noticed Donald
 28397 | Elf:3    | Killed Donald
 28492 | Elf:3    | Noticed a deep elf master archer
 28496 | Elf:3    | Killed a deep elf master archer
 29428 | Elf:3    | Reached XP level 17. HP: 99/119 MP: 20/23
 29445 | Elf:3    | Killed from afar by a deep elf annihilator

Vault maps used:
D:1:      minmay_arrival_four_houses
D:2:      lemuel_round_altar, lemuel_round_altar, lemuel_round_altar
D:3:      overflow_temple_1_default, dancing_weapons_uskayaw,
          lemuel_zombie_altar_yredelemnul, st_stairs_7
D:4:      lemuel_doored_altar, nicolae_dithmenos_through_a_glass_darkly,
          lemuel_tele_altar, uniq_natasha
D:5:      zin_academy, temple_green, first_bread
D:6:      okawaru_altar_gauntlet_db, tso_oasis_becter, xom_confusion_cloud
D:8:      lemuel_crystal_altar, lemuel_crystal_altar, dpeg_oklobed_lair
D:9:      marbit_many_paths, old_standard_altar
D:10:     boulder_corridor_run, grunt_ministairs_10, hangedman_tree_tricks
D:11:     minmay_st_funbox
D:12:     hiddenorc2_lemuel, uniq_maud, uniq_azrael, uniq_erolcha, uniq_harold
D:13:     grunt_vaults_entry_tiered, special_room
D:14:     roderic_lattice_a, minmay_misc_feat_x
D:15:     hangedman_slaughterboxes
Lair:1:   grunt_forest_large_clearing_hut, infiniplex_staircase_pool
Lair:3:   gammafunk_lair_enchanted_lake, minmay_swamp_entry_reptiles,
          nicolae_spider_entry_tight_spaces
Lair:4:   beast_lair_carwin_1, grunt_megastairs_2, serial_bayou_shore_b
Lair:5:   serial_bayou_shore_b
Lair:6:   wormcave, nicolae_slime_entry_slimehenge
Orc:1:    basic_altar, uniq_urug, uniq_fannar
Orc:2:    st_orc_mages, special_room, uniq_nessos
Elf:1:    minmay_elf_arrival_summoners, orc_legates,
          nicolae_elf_glass_and_crystal_pillar_2
Elf:2:    grunt_ministairs_4, uniq_louise
Elf:3:    minmay_elf_hall_golems, serial_shops, nicolae_shop_statue_plus,
          uniq_donald

Skill      XL: |  1  2  3  4  5  6  7  8  9 10 11 12 13 14 15 16 |
---------------+-------------------------------------------------+-----
Stealth        | 3 4 5 6 7 9 10 12 13 14 15 16 | 16.4
Unarmed Combat | 5 6 7 9 10 12 13 14 15 16 | 16.4
Dodging        | 4 5 6 8 9 10 | 10.6
Fighting       | 4 5 6 8 9 10 11 12 | 12.1
Shields        | 1 2 3 5 6 7 8 9 10 11 | 11.9
Invocations    | 2 5 6 7 |  7.7
Evocations     | 2 4 5 7 |  7.2
Spellcasting   | 2 4 |  4.1

Action                   |  1- 3 |  4- 6 |  7- 9 | 10-12 | 13-15 | 16-18 || total
-------------------------+-------+-------+-------+-------+-------+-------++-------
Melee: Unarmed           |    58 |    53 |   187 |   435 |   773 |   154 ||  1660
       Constrict         |    18 |    14 |    53 |    75 |   148 |    39 ||   347
       Tentacles         |    13 |    11 |    39 |    99 |   260 |    61 ||   483
       Punch             |     3 |     4 |    18 |    53 |   137 |    38 ||   253
Invok: Ancestor Life: Ba |     1 |       |       |       |       |       ||     1
       Recall Ancestor   |       |     1 |     1 |     3 |     7 |     2 ||    14
       Idealise          |       |       |       |       |    10 |     4 ||    14
       Transference      |       |       |       |       |     2 |    13 ||    15
Battlemage: Bolt         |       |       |       |       |     1 |       ||     1
Evoke: Wand              |       |       |       |       |     4 |       ||     4
  Use: Scroll            |       |     7 |     3 |    14 |    14 |     1 ||    39
       Potion            |       |     1 |     2 |     5 |     6 |     6 ||    20
 Stab: Sleeping          |    10 |     7 |    18 |    21 |    35 |    10 ||   101
       Distracted        |       |     1 |     4 |    13 |    28 |     8 ||    54
       Invisible         |       |       |       |       |     1 |       ||     1
  Eat: Chunk             |       |     5 |    12 |    25 |    39 |     8 ||    89
       Pizza             |       |       |       |     1 |       |       ||     1
       Fruit             |       |       |       |       |     1 |       ||     1
Armor: Skin              |     4 |     1 |     9 |     8 |    27 |     1 ||    50
Dodge: Dodged            |    37 |    22 |   116 |   124 |   256 |    60 ||   615
Block: Buckler           |       |     2 |    35 |     1 |       |       ||    38
       Shield            |       |       |       |   201 |   461 |    55 ||   717
       Reflection        |       |       |       |    14 |    31 |    15 ||    60
